 Dungeon Crawl Stone Soup version 0.25-a0-545-ge4db218afc (console) character file.

Game seed: 15735749938886909559, levelgen mode: deterministic

143 nht the Cudgeler (level 5, 0/46 HPs)
             Began as a Minotaur Hunter on Feb 21, 2020.
             Slain by Sigmund
             ... wielding a +1 scythe of freezing
              (6 damage)
             ... on level 3 of the Dungeon.
             The game lasted 00:03:59 (1829 turns).

nht the Cudgeler (Minotaur Hunter)                  Turns: 1829, Time: 00:03:59

Health: 0/46       AC: 11    Str: 17    XL:     5   Next: 4%
Magic:  4/4        EV:  5    Int:  8    God:
Gold:   69         SH:  0    Dex: 11    Spells: 4/4 levels left

rFire    . . .     SeeInvis .   j - +4 whip (elec)
rCold    . . .     Gourm    .   (no shield)
rNeg     . . .     Faith    .   l - +0 plate armour
rPois    .         Spirit   .   (helmet restricted)
rElec    .         Reflect  .   (no cloak)
rCorr    .         Harm     .   m - +0 pair of gloves
MR       .....                  (no boots)
Stlth    ..........             (no amulet)
HPRegen  0.15/turn              n - ring of wizardry
MPRegen  0.09/turn              (no ring)

@: no status effects
A: retaliatory headbutt, horns 2, blurry vision 1, robust 1, MP-powered wands
a: no special abilities


You were on level 3 of the Dungeon.
You were not hungry.

You visited 1 branch of the dungeon, and saw 3 of its levels.

You collected 69 gold pieces.

Inventory:

Hand Weapons
 a - a +0 short sword
 j - a +4 whip of electrocution (weapon)
Missiles
 d - 3 throwing nets
 h - 8 javelins (quivered)
 k - 8 poisoned darts
Armour
 l - a +0 plate armour (worn)
 m - a +0 pair of gloves (worn)
Jewellery
 n - a ring of wizardry (left hand)
 o - an uncursed ring of teleportation
Wands
 r - a wand of paralysis (9)
Scrolls
 p - a scroll of magic mapping
Potions
 b - 2 potions of brilliance
 e - a potion of flight
 t - a potion of haste
Comestibles
 c - 2 chunks of flesh
 f - 7 rations


   Skills:
 - Level 2.6 Fighting
 + Level 5.5 Maces & Flails
 - Level 4.1 Throwing
 - Level 2.1 Dodging
 - Level 0.7 Stealth


You had 4 spell levels left.
You didn't know any spells.
Your spell library was empty.

Dungeon Overview and Level Annotations

Branches:
Dungeon (3/15)

Altars:
Yredelemnul

Annotations:
D:3 Sigmund


Innate Abilities, Weirdness & Mutations

You reflexively headbutt those who attack you in melee.
You have a pair of horns on your head.
Scrolls take you a little longer to read.
You are robust. (+10% HP)
You expend magic power (3 MP) to strengthen your wands.


Message History

Sigmund hits you with a +1 scythe of freezing.
* * * LOW HITPOINT WARNING * * *
Sigmund freezes you.
* * * LOW HITPOINT WARNING * * *
The hobgoblin barely misses you.
You hit Sigmund. Your headbutt misses Sigmund.
Sigmund is lightly wounded.
Unknown command.
You whack Sigmund! Lightning courses through Sigmund!
Sigmund is severely wounded.
The hobgoblin hits you.
* * * LOW HITPOINT WARNING * * *
Sigmund points at you and mumbles some strange words.
The puff of flame hits you but does no damage.
You barely miss Sigmund.
Sigmund is severely wounded.
The hobgoblin hits you.
* * * LOW HITPOINT WARNING * * *
Sigmund hits you with a +1 scythe of freezing.
You die...

█.█ █ ███.█.█ █ ...█.█ █ █
...█.███ █ █.█████)█.... █
...)....g..█████████████████
.......█.█.................
█..<.<.█g████████████████
.>>.█....█@█████.█ █...
████████....@...██.███████.██
█......'........██...÷.....█
█.██████...........██████████
█..........█.██.████ █...
████████████.██.█ █.██ █.██.█
█.█ █.██.█ █.█ █.██.█ █.█


You could see Sigmund and a hobgoblin.

Vanquished Creatures
  Natasha (D:3)
  Terence (D:3)
  3 gnolls (D:3)
  An adder (D:3)
  A dart slug (D:2)
  A leopard gecko (D:3)
  A ball python (D:1)
  2 giant cockroaches
  5 hobgoblins
  4 jackals (D:3)
  2 quokkas (D:2)
  2 bats
  5 frilled lizards
  6 goblins
  12 kobolds
  4 rats
51 creatures vanquished.

Notes
Turn   | Place    | Note
-------+----------+-------------------------------------------
     0 | D:1      | nht the Minotaur Hunter began the quest for the Orb.
     0 | D:1      | Reached XP level 1. HP: 18/18 MP: 0/0
   265 | D:1      | Reached skill level 1 in Maces & Flails
   320 | D:1      | Reached XP level 2. HP: 25/25 MP: 1/1
   378 | D:1      | Reached skill level 2 in Maces & Flails
   820 | D:2      | Reached XP level 3. HP: 25/30 MP: 2/2
   891 | D:2      | Reached skill level 3 in Maces & Flails
  1285 | D:3      | Found a basalt altar of Yredelemnul.
  1299 | D:3      | Reached skill level 4 in Maces & Flails
  1299 | D:3      | Reached XP level 4. HP: 29/37 MP: 3/3
  1462 | D:3      | Noticed Terence
  1472 | D:3      | Killed Terence
  1484 | D:3      | Reached skill level 5 in Maces & Flails
  1694 | D:3      | Noticed Natasha
  1703 | D:3      | Killed Natasha
  1703 | D:3      | Reached XP level 5. HP: 21/42 MP: 4/4
  1734 | D:3      | Noticed Sigmund
  1823 | D:3      | Gained mutation: You are robust. (+10% HP) [potion of
                  | mutation]
  1823 | D:3      | Gained mutation: Scrolls take you a little longer to read.
                  | [potion of mutation]
  1823 | D:3      | Gained mutation: You expend magic power (3 MP) to
                  | strengthen your wands. [potion of mutation]
  1829 | D:3      | Slain by Sigmund

Levels and vault maps discovered:
D:1:      heliophobic_arrival_battle_scene, layout_loops_cross,
          minmay_split_cup_large
D:2:      layout_basic
D:3:      layout_basic, nicolae_overflow_crystal_walls, uniq_natasha, uniq_ijyb,
          uniq_terence, uniq_sigmund

Skill      XL: |  1  2  3  4 |
---------------+-------------+-----
Maces & Flails | 1 2 4 5 |  5.5
Fighting       | |  2.6
Throwing       | |  4.1
Dodging        | |  2.1
Stealth        | |  0.7

Action                   |  1- 3 |  4- 6 || total
-------------------------+-------+-------++-------
Melee: Short sword       |    16 |       ||    16
       Whip              |    55 |    32 ||    87
       Headbutt          |     5 |     4 ||     9
Throw: Javelin           |     5 |     1 ||     6
Evoke: Wand              |       |     3 ||     3
  Use: Scroll            |     7 |     2 ||     9
       Potion            |       |     5 ||     5
 Stab: Sleeping          |     1 |       ||     1
       Paralysed         |       |     3 ||     3
  Eat: Chunk             |     1 |     2 ||     3
Armor: Leather armour    |     8 |       ||     8
       Plate armour      |     9 |     9 ||    18
Dodge: Dodged            |    31 |     9 ||    40

Table legend:
 A = Non-vault XP
 B = Vault XP
 C = Vault XP percentage of total XP
 D = Non-vault monster count
 E = Vault monster count
 F = Vault count percentage of total count
                 A         B        C        D         E       F
            +---------+---------+-------+---------+---------+-------
      Total |     125 |      80 |  39.0 |      45 |       6 |  11.8
            +---------+---------+-------+---------+---------+-------
        D:1 |      17 |       5 |  22.7 |      12 |       4 |  25.0
        D:2 |      33 |       0 |   0.0 |      19 |       0 |   0.0
        D:3 |      75 |      75 |  50.0 |      14 |       2 |  12.5
            +---------+---------+-------+---------+---------+-------
